 Dungeon Crawl Stone Soup version 0.26-a0-52-gd53d4cd058 (webtiles) character file.

Game seed: 12890268457817263598

10186 Bapho the Carver (level 11, -2/92 HPs)
             Began as a Red Draconian Berserker on June 6, 2020.
             Was an Elder of Trog.
             Slain by a chaos spawn (13 damage)
             ... on level 3 of the Abyss.
             The game lasted 00:20:26 (11655 turns).

Bapho the Carver (Red Draconian Berserker)         Turns: 11655, Time: 00:20:27

Health: -2/92      AC: 13    Str: 21    XL:     11   Next: 32%
Magic:  11/11      EV: 15    Int:  7    God:    Trog [****..]
Gold:   541        SH:  0    Dex: 13    Spells: 10/10 levels left

rFire    + . .     SeeInvis .   b - +0 shortbow
rCold    . . .     Gourm    .   (shield currently unavailable)
rNeg     . . .     Faith    .   (armour unavailable)
rPois    .         Spirit   .   C - +0 hat {MR+}
rElec    .         Reflect  .   t - +0 cloak
rCorr    .         Harm     .   x - +0 pair of gloves
MR       +....                  (no boots)
Stlth    +.........             (no amulet)
HPRegen  0.25/turn              o - +4 ring of protection
MPRegen  0.12/turn              (no ring)

@: confused, mighty
A: breathe fire, unfitting armour, fire resistance 1, cold-blooded, AC +7
a: Breathe Fire, Berserk, Trog's Hand, Brothers in Arms, Renounce Religion


You were on level 3 of the Abyss.
You worshipped Trog.
Trog was greatly pleased with you.
You were not hungry.

You visited 2 branches of the dungeon, and saw 11 of its levels.
You visited the Abyss 1 time.
You also visited: Ossuary.

You collected 541 gold pieces.

Inventory:

Hand Weapons
 a - a +4 long sword of holy wrath
 b - a +0 shortbow (weapon)
 w - a +0 falchion
 z - a +1 scimitar of flaming
Missiles
 i - 110 arrows (quivered)
 n - 222 stones
Armour
 t - a +0 cloak (worn)
 x - a +0 pair of gloves (worn)
 C - a +0 hat of magic resistance (worn)
Jewellery
 o - a +4 ring of protection (left hand)
 G - an uncursed ring of see invisible {unknown}
Wands
 g - a wand of flame (14)
Scrolls
 c - a scroll of vulnerability {unknown}
 d - 7 scrolls of remove curse
 e - a scroll of noise {unknown}
 k - 2 scrolls of teleportation {unknown}
 m - a scroll of random uselessness {unknown}
 q - 3 scrolls of enchant weapon {unknown}
 r - 3 scrolls of enchant armour {unknown}
 s - 2 scrolls of immolation {unknown}
 A - 3 scrolls of fog {unknown}
 B - a scroll of identify
 D - a scroll of amnesia {unknown}
 I - a scroll of blinking
Potions
 f - 4 potions of lignification {unknown}
 j - 2 potions of might
 l - 2 potions of curing {unknown}
 p - 3 potions of invisibility {unknown}
 u - a potion of berserk rage {unknown}
 v - a potion of flight {unknown}
 F - a potion of cancellation {unknown}
Comestibles
 y - 14 rations


   Skills:
 - Level 7.2 Fighting
 - Level 14.0 Long Blades
 + Level 6.4 Bows
 - Level 6.0 Dodging


You had 10 spell levels left.
You didn't know any spells.
Your spell library was empty.

Dungeon Overview and Level Annotations

Branches:
Dungeon (9/15)             Temple (0/1) D:4            Lair (2/6) D:8
Ossuary (visited)
  Swamp: Lair:2-4    Shoals: Lair:2-4     Snake: Lair:2-4    Spider: Lair:2-4
    Orc: D:9-12

Altars:
Ashenzari
Cheibriados
Fedhas
Hepliaklqana
Nemelex Xobeh
Okawaru
Xom
Yredelemnul

Annotations:
Lair:1 Sonja


Innate Abilities, Weirdness & Mutations

You can breathe blasts of fire.
Your fiery red scales are hard. (AC +7)
You cannot fit into any form of body armour.
Your flesh is heat resistant. (rF+)
You are cold-blooded and may be slowed by cold attacks.


Message History

A chaos spawn comes into view.
The chaos spawn croaks.
The raiju closely misses you.
The rakshasa weaves an illusion.
The chaos spawn misses you. The chaos spawn completely misses you.
An orange demon comes into view.
A large abomination comes into view.
The orange demon stings you but does no damage.
The orange demon stings you but does no damage.
The orange demon hits you but does no damage.
The orange demon stings you but does no damage.
The orange demon stings you from afar!
* * * LOW HITPOINT WARNING * * *
You are confused.
You feel invigorated. The chaos spawn hits you!
* * * LOW HITPOINT WARNING * * *
You feel very mighty all of a sudden. The orange demon closely misses you.
The chaos spawn gores you!
You die...

# ..#.
..3#R##....#
##.#.. ##.....#...
#..###.##.### #
..........#..#####
...#.#X###h......#
.........#R.#.##.#
##....#4..X##
#.4..##....
#.#@### ..#..
#.##........# #.
###.#.....# # ...
#..# #.. ##.. #


You could see a tentacled starspawn, a rakshasa, an orange demon, a large
abomination (wandering), a raiju and a chaos spawn.

Vanquished Creatures
  Gastronok (D:8)
  Erica (D:8)
  Pikel (D:5)
  A cyclops (D:8)
  A black mamba (Lair:1)
  A spiny frog (Lair:1)
  A troll (D:8)
  Prince Ribbit (D:5)
  5 blink frogs (Lair:1)
  3 hippogriffs
  Sigmund (D:2)
  4 yaks (D:7)
  A wraith (Ossuary)
  A hungry ghost (D:7)
  A basilisk (Lair:2)
  Duvessa (D:5)
  A porcupine (Lair:1)
  A water moccasin (Lair:1)
  An orc warrior (D:6)
  2 sky beasts
  3 phantoms
  2 ice beasts (D:7)
  3 ogres
  5 wolves (D:8)
  A centaur (D:5)
  2 crocodiles (Lair:1)
  A big kobold (D:7)
  5 bullfrogs
  Blork the orc (D:5)
  2 scorpions (D:8)
  Dowan (D:5)
  2 howler monkeys (D:7)
  3 electric eels
  2 crimson imps (D:6)
  2 bullfrog zombies
  5 hounds
  An orc priest (D:6)
  Crazy Yiuf (D:3)
  An iguana (D:8)
  An orc wizard (D:7)
  Natasha (thrice) (D:2)
  4 worker ants
  A hound zombie (D:7)
  A mummy (Ossuary)
  6 adders
  3 shadow imps
  An adder zombie (D:6)
  3 adder skeletons
  A worm (D:6)
  A dart slug (D:4)
  4 leopard geckos
  18 orcs
  2 ball pythons
  3 giant cockroaches
  6 gnoll skeletons (Ossuary)
  2 gnoll zombies (D:2)
  7 goblins
  7 hobgoblins
  10 jackals
  7 kobolds
  7 quokkas
  3 bats
  2 frilled lizards
  7 kobold skeletons (Ossuary)
  A leopard gecko skeleton (D:4)
  12 orc skeletons (Ossuary)
  A quokka skeleton (D:7)
  12 rats
209 creatures vanquished.

Vanquished Creatures (others)
  3 slaves (D:5)
  A jackal (D:5)
4 creatures vanquished.

Grand Total: 213 creatures vanquished

Notes
Turn   | Place    | Note
-------+----------+-------------------------------------------
     0 | D:1      | Bapho the Draconian Berserker began the quest for the Orb.
     0 | D:1      | Reached XP level 1. HP: 19/19 MP: 1/1
   594 | D:1      | Found a shattered altar of Ashenzari.
   748 | D:1      | Reached XP level 2. HP: 26/26 MP: 2/2
   769 | D:2      | Noticed Sigmund
   776 | D:2      | Killed Sigmund
   776 | D:2      | Reached skill level 4 in Long Blades
   776 | D:2      | Reached XP level 3. HP: 34/34 MP: 3/3
   776 | D:2      | Reached XP level 4. HP: 41/41 MP: 4/4
   776 | D:2      | Reached XP level 5. HP: 47/47 MP: 5/5
  1259 | D:2      | Noticed Natasha
  1260 | D:2      | Reached ** piety under Trog
  1270 | D:2      | Killed Natasha
  1270 | D:2      | Reached skill level 5 in Long Blades
  1456 | D:2      | Noticed Natasha
  1475 | D:2      | Killed Natasha
  1567 | D:2      | Found a basalt altar of Yredelemnul.
  1924 | D:2      | Noticed Natasha
  1933 | D:2      | Killed Natasha
  1933 | D:2      | Reached XP level 6. HP: 43/53 MP: 6/6
  3088 | D:3      | Found a runed translucent door.
  3089 | D:3      | Noticed Crazy Yiuf
  3095 | D:3      | Killed Crazy Yiuf
  3218 | D:4      | Found a staircase to the Ecumenical Temple.
  3226 | D:4      | Reached skill level 5 in Fighting
  3734 | D:4      | Reached skill level 6 in Long Blades
  3809 | D:4      | Your scales start taking on a fiery red colour.
  3809 | D:4      | Reached XP level 7. HP: 61/61 MP: 7/7
  3809 | D:4      | Gained mutation: Your flesh is heat resistant. (rF+) [Red
                  | Draconian growth]
  3942 | D:4      | Found a snail-covered altar of Cheibriados.
  4100 | D:5      | Entered Level 5 of the Dungeon
  4125 | D:5      | Found a blossoming altar of Fedhas.
  4143 | D:5      | Noticed a hippogriff
  4155 | D:5      | Killed a hippogriff
  4400 | D:5      | Noticed Blork the orc
  4408 | D:5      | Killed Blork the orc
  4519 | D:5      | Reached skill level 7 in Long Blades
  4730 | D:5      | Reached XP level 8. HP: 54/70 MP: 8/8
  4842 | D:5      | Noticed Prince Ribbit
  4848 | D:5      | Reached skill level 5 in Dodging
  4849 | D:5      | Noticed Pikel
  4864 | D:5      | Killed Pikel
  4864 | D:5      | Reached skill level 8 in Long Blades
  5097 | D:5      | Noticed Dowan
  5108 | D:5      | Killed Dowan
  5128 | D:5      | Noticed Duvessa
  5138 | D:5      | Killed Duvessa
  5138 | D:5      | Reached *** piety under Trog
  5404 | D:5      | Killed Prince Ribbit
  5589 | D:5      | Found a blossoming altar of Fedhas.
  5643 | D:6      | Reached XP level 9. HP: 79/79 MP: 9/9
  5730 | D:6      | Reached skill level 9 in Long Blades
  5916 | D:6      | Found a shattered altar of Ashenzari.
  5950 | D:6      | Found a sparkling altar of Nemelex Xobeh.
  6120 | D:6      | Found a hazy altar of Hepliaklqana.
  6124 | D:6      | Found a shimmering altar of Xom.
  6160 | D:6      | Reached skill level 10 in Long Blades
  6414 | D:6      | Found an iron altar of Okawaru.
  6723 | D:7      | Reached **** piety under Trog
  6869 | D:7      | Reached skill level 11 in Long Blades
  7487 | D:7      | Reached XP level 10. HP: 47/86 MP: 10/10
  7826 | D:8      | Reached skill level 12 in Long Blades
  8095 | D:8      | Found a staircase to the Lair.
  8136 | D:8      | Found a sand-covered staircase.
  8146 | Ossuary  | Entered an ossuary
  8623 | D:8      | Noticed Gastronok
  8641 | D:8      | Killed Gastronok
  8641 | D:8      | Reached skill level 13 in Long Blades
  8647 | D:8      | Noticed Erica
  8867 | D:8      | Killed Erica
  8867 | D:8      | Reached skill level 14 in Long Blades
  9180 | D:8      | Noticed a cyclops
  9193 | D:8      | Killed a cyclops
  9766 | D:8      | Reached XP level 11. HP: 91/92 MP: 11/11
  9822 | Lair:1   | Entered Level 1 of the Lair of Beasts
 10388 | Lair:1   | Reached skill level 5 in Bows
 11083 | Lair:1   | You fall into a shaft and drop 1 floor!
 11516 | Lair:1   | Noticed Sonja
 11526 | Lair:1   | Cast into level 2 of the Abyss (Sonja)
 11635 | Abyss:3  | Noticed a rakshasa
 11639 | Abyss:3  | Noticed a tentacled starspawn
 11655 | Abyss:3  | Slain by a chaos spawn

Illustrated notes

Levels and vault maps discovered:
D:1:      tarquinn_simple_flora_water_c, layout_loops_ring, minmay_crystal_room,
          evilmike_ruin_ashenzari
D:2:      layout_loops_cross, lemuel_zombie_altar_yredelemnul,
          kennysheep_path_1, uniq_sigmund, uniq_natasha
D:3:      layout_basic, minmay_distorted, uniq_crazy_yiuf_cottage
D:4:      layout_basic, kennysheep_slug_shrine,
          minmay_temple_entry_statues_fountains, minmay_strange_pillars
D:5:      layout_cave_pods, first_ration, basic_altar, serial_column_ruins,
          column_ruins_hut_water, column_ruins_hut_ruined, column_ruins_grid_1,
          column_ruins_columns_straight, column_ruins_corridor_water,
          column_ruins_grid_3, column_ruins_corridor_corner,
          column_ruins_grid_4, minmay_misc_feat_iff, fedhas_altar_fruit_tree,
          uniq_prince_ribbit1, uniq_pikel, uniq_duvessa, uniq_blork_the_orc
D:6:      layout_basic, minitemple, basic_altar, minmay_misc_feat_pillars,
          kennysheep_okawaru_gauntlet
D:7:      layout_cave_pods, serial_glass, glass_columns_b, glass_columns_a,
          glass_columns_a, glass_columns_a
D:8:      layout_gridville, erik_lair_island, nicolae_ossuary_entry_monument,
          uniq_gastronok, uniq_erica
D:9:      layout_basic, lemuel_round_altar, serial_shops, nicolae_shop_crystal,
          kennysheep_little_box, shop_statue, nicolae_shop_stone
Lair:1:   layout_long_grid, chequers_serial_rivers_micro_d,
          chequers_serial_rivers_small_b, small_statue_intersection,
          cheibrodos_lair_caveside_slide, infiniplex_staircase_pool,
          grunt_megastairs_5, uniq_sonja
Lair:2:   layout_loops_ring, guppyfry_snake_entry_island
Abyss:3:  base: D:8, evilmike_abyss_exit_13,
          evilmike_abyss_rune_elephants_shrine,
          evilmike_nicolae_abyss_rune_betentacled_crabyss,
          evilmike_nicolae_abyss_rune_betentacled_crabyss

Skill      XL: |  1  2  3  4  5  6  7  8  9 10 11 |
---------------+----------------------------------+-----
Fighting       | 4 5 6 7 |  7.2
Long Blades    | 4 5 6 7 8 11 14 | 14.0
Dodging        | 3 4 5 6 |  6.0
Bows           | 3 6 |  6.4

Action                   |  1- 3 |  4- 6 |  7- 9 | 10-12 || total
-------------------------+-------+-------+-------+-------++-------
Melee: Falchion          |    30 |   116 |    41 |       ||   187
       Tailslap          |     4 |    19 |    39 |    28 ||    90
       Long sword        |       |       |   172 |   159 ||   331
 Fire: Shortbow          |       |       |   136 |   144 ||   280
Throw: Boomerang         |     2 |    53 |       |       ||    55
       Stone             |       |    73 |    95 |    10 ||   178
Invok: Berserk           |     1 |     2 |     9 |     4 ||    16
       Trog's Hand       |       |       |     1 |     1 ||     2
 Abil: Breathe Fire      |       |       |     1 |     4 ||     5
  Use: Scroll            |       |     4 |     1 |     2 ||     7
       Potion            |       |       |       |     6 ||     6
  Eat: Chunk             |       |    12 |    23 |    11 ||    46
       Ration            |       |       |       |     2 ||     2
Armor: Skin              |     7 |    28 |    77 |    63 ||   175
Dodge: Dodged            |    15 |    67 |   178 |   118 ||   378
       Rpst.: Falchion   |     3 |    25 |     9 |       ||    37
       Long sword        |       |       |    28 |    29 ||    57

Table legend:
 A = Non-vault XP
 B = Vault XP
 C = Vault XP percentage of total XP
 D = Non-vault monster count
 E = Vault monster count
 F = Vault count percentage of total count
                 A         B        C        D         E       F
            +---------+---------+-------+---------+---------+-------
      Total |    8432 |    6120 |  42.1 |     156 |      53 |  25.4
            +---------+---------+-------+---------+---------+-------
        D:1 |      15 |       0 |   0.0 |      10 |       0 |   0.0
        D:2 |     115 |     261 |  69.4 |      21 |       4 |  16.0
        D:3 |      43 |      43 |  50.0 |      17 |       2 |  10.5
        D:4 |     261 |       4 |   1.5 |      15 |       1 |   6.2
        D:5 |     734 |    1210 |  62.2 |      20 |       5 |  20.0
        D:6 |    1164 |       4 |   0.3 |      27 |       2 |   6.9
        D:7 |    1701 |       0 |   0.0 |      23 |       0 |   0.0
        D:8 |     994 |    4202 |  80.9 |       8 |      11 |  57.9
     Lair:1 |    3216 |     145 |   4.3 |      14 |       1 |   6.7
     Lair:2 |     189 |       0 |   0.0 |       1 |       0 |   0.0
    Ossuary |       0 |     251 | 100.0 |       0 |      27 | 100.0
            +---------+---------+-------+---------+---------+-------
